 Dungeon Crawl Stone Soup version 0.18-a0-1348-g32b6e23 (webtiles) character file.

16511 Gottschkopf the Blocker (level 12, 0/84 HPs)
             Began as a Minotaur Fighter on Feb 18, 2016.
             Was an Elder of Trog.
             Slain by Azrael
             ... wielding a +2 scimitar of flaming
              (2 damage)
             ... on level 12 of the Dungeon.
             The game lasted 00:40:33 (13430 turns).

Gottschkopf the Blocker (Minotaur Fighter)         Turns: 13430, Time: 00:40:33

Health: 0/84       AC: 22    Str: 25    XL:     12   Next: 10%
Magic:  0/11       EV:  7    Int:  3    God:    Trog [****..]
Gold:   660        SH: 15    Dex: 13    Spells: 0 memorised, 11 levels left

rFire  . . .     SeeInvis .     I - +0 long sword
rCold  + . .     Gourm    .     G - +0 plate armour
rNeg   . . .     Faith    .     p - +1 shield
rPois  .         Spirit   +     (helmet restricted)
rElec  .         Dismiss  .     z - +2 cloak
rCorr  .         Reflect  .     e - +2 pair of gloves
SustAt .         Harm     .     (no boots)
MR     +....     Rnd*Rage +     m - amulet of guardian spirit
Stlth  ..........               A - ring of loudness (curse)
                                i - +4 ring of dexterity

@: exhausted, liquid flames, slowed, glowing, very slow, somewhat resistant to
hostile enchantments, extremely unstealthy
A: retaliatory headbutt, horns 2, berserk 1, clumsy 1, cold resistance 1, dopey
1, frail 2, magic resistance 1
a: Berserk, Trog's Hand, Brothers in Arms, Burn Spellbooks, Renounce Religion


You were on level 12 of the Dungeon.
You worshipped Trog.
Trog was greatly pleased with you.
You were near starving.

You visited 2 branches of the dungeon, and saw 13 of its levels.

You collected 660 gold pieces.

Inventory:

Hand Weapons
 y - a +2 dagger of speed
 I - a +0 long sword (weapon)
Armour
 e - a +2 pair of gloves (worn)
 p - a +1 shield (worn)
 z - a +2 cloak (worn)
 D - an ice dragon hide
 G - a +0 plate armour (worn)
Jewellery
 i - a +4 ring of dexterity (left hand)
 m - an amulet of guardian spirit (around neck)
 A - a cursed ring of loudness (right hand)
 B - an uncursed amulet of dismissal
Wands
 a - a wand of slowing (25/48)
 n - a wand of lightning (8/15)
 t - a wand of polymorph (16/24)
 C - a wand of flame (48/48)
Scrolls
 b - 2 scrolls of fog
 c - 2 scrolls of enchant armour
 d - a scroll of enchant weapon
 j - a scroll of fear
 F - 7 scrolls of identify
 J - a scroll of remove curse
 K - a scroll of random uselessness {unknown}
Potions
 k - 3 potions of flight
 l - 3 potions of curing
 r - a potion of degeneration
 v - a potion of cancellation
 x - 2 potions of agility
Books
 s - a book of Summonings

   Spells                             Type                      Level
   a - Recall                         Summoning/Translocation      3
   b - Aura of Abjuration             Summoning                    5
   c - Summon Demon                   Summoning                    5
   d - Summon Forest                  Summoning/Translocation      5
   e - Summon Mana Viper              Hexes/Summoning              5
   f - Shadow Creatures               Summoning                    6
   Trog disapproves of the use of such an item.
 E - a book of Transfigurations

   Spells                             Type                      Level
   a - Irradiate                      Conjuration/Transmutation    5
   b - Statue Form                    Transmutation/Earth          6
   c - Hydra Form                     Transmutation                6
   d - Dragon Form                    Transmutation                7
   Trog disapproves of the use of such an item.
 H - a book of Enchantments

   Spells                             Type                      Level
   a - Cause Fear                     Hexes                        4
   b - Yara's Violent Unravelling     Hexes/Transmutation          5
   c - Silence                        Hexes/Air                    5
   d - Deflect Missiles               Charms/Air                   6
   e - Haste                          Charms                       6
   f - Discord                        Hexes                        8
   Trog disapproves of the use of such an item.
Miscellaneous
 L - a fan of gales
Comestibles
 f - 9 bread rations
 g - 9 slices of pizza
 h - 4 fruits
 q - 5 meat rations
 u - 4 beef jerkies
 w - 2 royal jellies


   Skills:
 + Level 10.2 Fighting
 + Level 11.3 Long Blades
 + Level 12.2 Armour
 * Level 14.3 Shields


You had 11 spell levels left.
You didn't know any spells.

Dungeon Overview and Level Annotations

Branches:
Dungeon (12/15)            Temple (1/1) D:7            Lair (0/8) D:10
    Orc (0/2) D:10

Altars:
Ashenzari
Cheibriados
Dithmenos
Elyvilon
Fedhas
Gozag
Kikubaaqudgha
Makhleb
Nemelex Xobeh
Okawaru
Pakellas
Qazlal
Ru
Sif Muna
Trog
Vehumet
Xom
Yredelemnul
Zin
The Shining One

Shops:
D:9 (

Annotations:
D:6 Eptagon's ghost, novice GrBe
D:12 Azrael


Innate Abilities, Weirdness & Mutations

You reflexively headbutt those who attack you in melee.
You have a pair of horns on your head.
You tend to lose your temper in combat.
You are clumsy. (Dex -2)
Your flesh is cold resistant.
You are dopey. (Int -2)
You are very frail (-20% HP).
You are resistant to hostile enchantments.


Message History

You are near starving!
Azrael hits you but does no damage.
Drink which item? (? for menu, Esc to quit)
You feel better.
You are covered in liquid flames!
* * * LOW HITPOINT WARNING * * *
You block Azrael's attack.
Press: ? - help, v - describe, . - travel
Here: Azrael, wielding a scimitar of flaming (lightly wounded)
The floor.
Read which item? (? for menu, Esc to quit)
As you read the scroll of fear, it crumbles to dust.
You assume a fearsome visage.
Azrael is unaffected.
You are covered in liquid flames!
* * * LOW HITPOINT WARNING * * *
Azrael screams, "Burn!
Burn!
All of it must BURN!"
Azrael hits you with a scimitar of flaming.
* * * LOW HITPOINT WARNING * * *
Azrael burns you.
You die...

## # #.. ### ##
#.# ##.### ###
##. #..#
##.#..####.###..
#...#
##.####...#......
#....##.##
####..##... #...#
##.##... ##.##
#...... #@#
##..... #.R.#
##...... ...##.#
##....... .....
#.#####........
......#
#..............
#....#
#.####.........
##### #..##.....
#..##.....
#.........


You could see Azrael.

Vanquished Creatures
  A hydra (D:12)
  An ogre mage (D:11)
  2 hill giants
  3 ugly things
  A cyclops (D:12)
  A centaur zombie (D:11)
  Joseph (D:8)
  Psyche (D:10)
  2 centaur skeletons
  2 trolls
  2 two-headed ogres (D:11)
  5 slime creatures (D:12)
  A spriggan (D:11)
  11 yaks
  2 wraiths
  2 fire elementals (D:12)
  2 hungry ghosts
  A mottled dragon (D:11)
  Menkaure (D:7)
  5 wolves (D:10)
  A hippogriff (D:9)
  Duvessa (D:7)
  A water moccasin (D:11)
  3 hell hounds (D:12)
  4 ice beasts
  4 orc warriors
  A black bear (D:12)
  2 sky beasts
  5 ogres
  2 phantoms
  A wasp (D:8)
  8 centaurs
  2 crocodiles
  7 giant frogs
  Dowan (D:7)
  A water moccasin zombie (D:9)
  A wyvern skeleton (D:10)
  5 killer bees (D:10)
  A scorpion (D:9)
  9 wights
  An electric eel (D:10)
  A giant frog zombie (D:12)
  2 quasits
  4 crimson imps
  2 orc priests
  7 hounds
  4 giant frog skeletons
  A jelly (D:9)
  An iguana (D:10)
  9 orc wizards
  8 worker ants
  3 hound zombies
  2 hound skeletons
  2 worker ant zombies
  3 gnolls (D:5)
  13 adders
  3 shadow imps
  2 oozes (D:3)
  An adder skeleton (D:7)
  2 worms
  3 giant geckos
  49 orcs
  10 bats
  3 giant cockroaches
  4 goblins
  7 hobgoblins
  21 jackals
  2 quokkas (D:9)
  2 ball pythons (D:3)
  A giant gecko skeleton (D:8)
  A giant gecko zombie (D:5)
  6 giant newts
  5 kobolds
  A quokka skeleton (D:7)
  A rat (D:1)
294 creatures vanquished.

Notes
Turn   | Place    | Note
--------------------------------------------------------------
     0 | D:1      | Gottschkopf the Minotaur Fighter began the quest for the Orb.
     0 | D:1      | Reached XP level 1. HP: 19/19 MP: 0/0
   203 | D:1      | Reached XP level 2. HP: 27/27 MP: 1/1
   378 | D:1      | Reached skill level 4 in Fighting
   890 | D:2      | Reached XP level 3. HP: 33/33 MP: 2/2
  1476 | D:3      | Noticed a giant frog
  1483 | D:3      | Killed a giant frog
  1483 | D:3      | Reached XP level 4. HP: 26/41 MP: 3/3
  1697 | D:3      | Reached XP level 5. HP: 45/47 MP: 2/4
  1942 | D:3      | Reached skill level 5 in Armour
  2640 | D:4      | Reached skill level 5 in Shields
  2651 | D:4      | Reached XP level 6. HP: 33/55 MP: 2/5
  2808 | D:4      | Reached skill level 5 in Fighting
  3063 | D:4      | Reached skill level 6 in Armour
  3435 | D:5      | Entered Level 5 of the Dungeon
  3435 | D:5      | Noticed an ice beast
  3444 | D:5      | Killed an ice beast
  3444 | D:5      | Reached XP level 7. HP: 61/61 MP: 6/6
  3482 | D:5      | Reached skill level 5 in Long Blades
  3723 | D:5      | Reached skill level 7 in Armour
  3980 | D:6      | Reached XP level 8. HP: 69/69 MP: 7/7
  3989 | D:6      | Noticed Eptagon's ghost (novice GrBe)
  4031 | D:7      | Found a staircase to the Ecumenical Temple.
  4038 | D:7      | Gained mutation: Your magical capacity is low (-10% MP). [mutagenic meat]
  4039 | D:7      | Gained mutation: Your flesh is cold resistant. [mutagenic meat]
  4040 | D:7      | Gained mutation: You are frail (-10% HP). [mutagenic meat]
  4041 | D:7      | Gained mutation: You are resistant to hostile enchantments. [mutagenic meat]
  4042 | D:7      | Gained mutation: You tend to lose your temper in combat. [mutagenic meat]
  4043 | D:7      | Gained mutation: You are very frail (-20% HP). [mutagenic meat]
  4170 | Temple   | Entered the Ecumenical Temple
  4229 | Temple   | Became a worshipper of Trog the Wrathful
  4246 | D:7      | Noticed Duvessa
  4256 | D:7      | Killed Duvessa
  4256 | D:7      | Reached skill level 8 in Armour
  4258 | D:7      | Noticed Dowan
  4277 | D:7      | Killed Dowan
  4643 | D:7      | Noticed Menkaure
  4649 | D:7      | Killed Menkaure
  4890 | D:7      | Found an oddly glowing altar of Pakellas.
  4891 | D:7      | Found a burning altar of Makhleb.
  5133 | D:8      | Noticed Joseph
  5150 | D:8      | Killed Joseph
  5150 | D:8      | Reached skill level 9 in Armour
  5150 | D:8      | Reached XP level 9. HP: 34/62 MP: 5/7
  5770 | D:8      | Reached * piety under Trog
  6227 | D:8      | Found a bloodstained altar of Trog.
  6472 | D:9      | Found Fiatyfam's Weapon Boutique.
  6534 | D:9      | Noticed a troll
  6559 | D:9      | Killed a troll
  6884 | D:9      | Reached skill level 10 in Shields
  6902 | D:9      | Reached skill level 10 in Armour
  6919 | D:9      | Reached XP level 10. HP: 46/68 MP: 6/8
  7966 | D:9      | Reached ** piety under Trog
  8464 | D:10     | Entered Level 10 of the Dungeon
  8472 | D:10     | Noticed Psyche
  8501 | D:10     | Killed Psyche
  8501 | D:10     | Reached skill level 11 in Shields
  8852 | D:10     | Noticed a white ugly thing
  8865 | D:10     | Killed a white ugly thing
  8898 | D:10     | Gained mutation: You are clumsy. (Dex -2) [mutagenic meat]
  9184 | D:10     | Found a staircase to the Orcish Mines.
  9498 | D:10     | Found a staircase to the Lair.
  9594 | D:10     | Reached *** piety under Trog
  9709 | D:10     | Noticed a hill giant
  9735 | D:10     | Killed a hill giant
  9735 | D:10     | Reached skill level 10 in Long Blades
 10032 | D:10     | Reached XP level 11. HP: 72/77 MP: 7/8
 10099 | D:10     | Reached skill level 12 in Shields
 10790 | D:11     | Lost intelligence.
 10790 | D:11     | Gained mutation: You are dopey. (Int -2) [mutagenic meat]
 10796 | D:11     | Lost mutation: Your magical capacity is low (-10% MP). [mutagenic meat]
 11369 | D:11     | Noticed an ogre mage
 11373 | D:11     | Received a gift from Trog
 11379 | D:11     | Killed an ogre mage
 11400 | D:11     | Reached skill level 13 in Shields
 11581 | D:11     | Noticed a cyan ugly thing
 11602 | D:11     | Killed a cyan ugly thing
 12178 | D:11     | Reached **** piety under Trog
 12676 | D:12     | Noticed a hill giant
 12688 | D:12     | Killed a hill giant
 12688 | D:12     | Reached skill level 10 in Fighting
 12974 | D:12     | Noticed a cyan ugly thing
 12988 | D:12     | Killed a cyan ugly thing
 12988 | D:12     | Reached skill level 14 in Shields
 13392 | D:12     | Noticed a seven-headed hydra
 13400 | D:12     | Killed a seven-headed hydra
 13400 | D:12     | Reached XP level 12. HP: 72/84 MP: 9/11
 13401 | D:12     | Noticed Azrael
 13430 | D:12     | HP: 2/84 [Azrael/scimitar of flaming (3)]
 13430 | D:12     | Slain by Azrael

Vault maps used:
D:1:      minmay_arrival_doors
D:4:      first_bread
D:6:      basic_altar, uniq_blork_the_orc
D:7:      gammafunk_temple_overflow_statue, minmay_temple_entry_steel_oval,
          uniq_menkaure, uniq_duvessa
D:8:      lemuel_centaur_altar, uniq_joseph
D:9:      serial_shops, nicolae_shop_waterfront
D:10:     erik_lair_island, uniq_psyche
D:11:     serial_column_ruins, column_ruins_hut_water,
          column_ruins_square_large, column_ruins_open_medium,
          column_ruins_grid_1, column_ruins_columns_corner,
          column_ruins_open_small, column_ruins_open_medium,
          column_ruins_columns_straight, column_ruins_grid_1, grunt_pizzeria,
          kennysheep_doodads, lightli_fourway_metalbox
D:12:     uniq_azrael
Temple:   grunt_circular_temple_18

Action                   |  1- 3 |  4- 6 |  7- 9 | 10-12 || total
-------------------------+-------+-------+-------+-------++-------
Melee: Long sword        |    81 |   128 |   303 |   657 ||  1169
       Dagger            |       |       |       |     6 ||     6
Invok: Berserk           |       |       |       |     2 ||     2
       Burn Spellbooks   |       |       |       |     1 ||     1
       Trog's Hand       |       |       |       |     1 ||     1
  Use: Scroll            |       |       |    12 |    11 ||    23
       Potion            |       |       |     2 |     6 ||     8
  Eat: Chunk             |     1 |     5 |    20 |    39 ||    65
       Fruit             |       |     1 |       |       ||     1
